Map: Asper Mountain

Players

AlucArd

  • Race: Protoss Protoss
  • Spawn Location: 7:00

A.I. 1 (Medium)

  • Race: Terran Terran
  • Spawn Location: 5:00

VOD

Have the link to the VOD?

Description

Time

  • Played on: Dec. 22, 2024, 10:54 p.m.
  • Length: 21:22
Show
View Real Time Build Order
Export as new Build Order

AlucArd Protoss 

Build Orders: Blink Stalkers 

Get SALT Encoding   

  12  0:01  Probe x12  
    0:13  Unknown, Probe  
  12  0:21  Probe  
  14  0:33  Pylon  
  14  0:35  Probe  
  15  0:46  Assimilator  
  15  0:51  Probe  
  15  0:53  Assimilator  
  16  1:11  Probe  
  17  1:20  Probe  
  18  1:28  Probe  
  19  1:32  Gateway  
  19  1:38  Probe  
  20  1:50  Probe  
  21  2:02  Probe  
  21  2:06  Nexus  
  22  2:22  Cybernetics Core  
  22  2:37  Forge  
  22  2:54  Probe, Warp Gate  
  23  3:06  Protoss Ground Weapons Level 3, Protoss Ground Armor Level 3, Protoss Shields Level 3  
  23  3:16  Probe  
  23  3:17  Terran Infantry Weapons Level 3, Terran Vehicle Armor Level 3, Zerg Missile Weapons Level 3, Terran Infantry Armor Level 3, Protoss Air Weapons Level 3, Zerg Flyer Weapons Level 3, Terran Vehicle Weapons Level 3, Protoss Air Armor Level 3, Zerg Flyer Armor Level 3, Terran Ship Armor Level 3, Zerg Ground Armor Level 3, Zerg Melee Weapons Level 3, Adept, Terran Ship Weapons Level 3  
  23  3:18  Robotics Facility  
  26  3:27  Pylon  
  26  3:28  Probe  
  26  3:29  Protoss Ground Weapons Level 2, Protoss Ground Armor Level 2, Protoss Shields Level 2  
  27  3:35  Pylon, Probe  
  27  3:38  Zerg Flyer Weapons Level 2, Terran Infantry Armor Level 2, Terran Infantry Weapons Level 2, Zerg Melee Weapons Level 2, Zerg Flyer Armor Level 2, Terran Ship Armor Level 2, Zerg Ground Armor Level 2, Terran Ship Weapons Level 2, Zerg Missile Weapons Level 2, Terran Vehicle Armor Level 2, Protoss Air Weapons Level 2, Terran Vehicle Weapons Level 2, Protoss Air Armor Level 2  
  27  3:39  Pylon  
  28  3:43  Probe  
  28  3:44  Stalker  
  31  3:52  Assimilator, Protoss Shields Level 1, Protoss Ground Weapons Level 1, Probe, Protoss Ground Armor Level 1  
  31  3:53  Blink  
  31  3:55  Assimilator  
  32  4:00  Terran Ship Weapons Level 1, Zerg Melee Weapons Level 1, Probe, Terran Ship Armor Level 1, Terran Vehicle Armor Level 1, Zerg Flyer Armor Level 1, Zerg Missile Weapons Level 1, Protoss Air Armor Level 1, Protoss Air Weapons Level 1, Terran Vehicle Weapons Level 1, Zerg Ground Armor Level 1, Terran Infantry Armor Level 1, Zerg Flyer Weapons Level 1, Terran Infantry Weapons Level 1  
  33  4:04  Probe  
  33  4:08  Observer  
  35  4:14  Weapon Refit, Extended Thermal Lance, Resonating Glaives, Warp Gate, Stimpack, Charge, Neosteel Armor  
  35  4:17  Probe  
  36  4:21  Adrenal Glands, Ventral Sacs  
  36  4:26  Warp Prism  
  36  4:27  Enduring Locusts  
  36  4:28  Personal Cloaking  
  36  4:29  Probe  
  39  4:35  Infernal Pre-Igniter, Chitinous Plating, Neosteel Frame, Combat Shield, Psionic Storm, Tunneling Claws, Glial Reconstitution, Cloaking Field, Durable Materials, Metabolic Boost, Corvid Reactor, Neural Parasite  
  39  4:43  Robotics Bay, Centrifugal Hooks, Muscular Augments x2, Burrow  
  39  4:47  Sentry  
  41  4:57  Pathogen Glands, Gravitic Drive, Hi-Sec Auto Tracking, Gravitic Boosters, Caduceus Reactor, Moebius Reactor, Graviton Catapult, Behemoth Reactor  
  41  5:04  Twilight Council  
  41  5:11  Pneumatized Carapace, Concussive Shells  
  35  5:34  Stalker  
  27  5:54  Unknown x5  
    5:57  Probe x12  
    6:08  Probe  
    6:09  Unknown  
  12  6:17  Probe  
  14  6:29  Pylon  
  14  6:36  Assimilator  
  14  6:48  Gateway  
  14  6:50  Probe  
  15  7:02  Probe  
  16  7:11  Probe  
  17  7:19  Probe  
  17  7:28  Probe  
  18  7:37  Nexus  
  19  7:41  Probe  
  20  7:56  Cybernetics Core  
  20  8:02  Assimilator, Probe  
  21  8:08  Zealot  
  23  8:45  Pylon  
  23  8:48  Sentry, Probe  
  23  8:54  Pylon  
  26  9:00  Probe  
  27  9:06  Robotics Facility  
  27  9:08  Stalker  
  29  9:24  Probe  
  29  9:30  Warp Gate  
  30  9:32  Probe  
  30  9:38  Adept  
  33  9:41  Probe  
  33  9:43  Assimilator  
  34  9:51  Probe  
  34  9:58  Assimilator  
  34  9:59  Probe  
  35  10:05  Sentry  
  36  10:08  Probe  
  39  10:20  Probe  
  39  10:21  Adept  
  40  10:28  Warp Prism  
  44  10:48  Stalker  
  44  10:55  Robotics Bay  
  46  11:03  Twilight Council  
  46  11:04  Observer  
  46  11:10  Pylon  
  47  11:13  Pylon  
  47  11:16  Pylon  
  47  11:21  Pylon  
  47  11:25  Pylon  
  47  11:28  Pylon  
  47  11:30  Protoss Air Weapons Level 1  
  47  11:33  Probe  
  48  11:41  Probe  
  49  11:51  Probe  
  50  11:55  Gateway  
  50  11:59  Gateway  
  50  12:03  Gateway  
  50  12:08  Gateway  
  50  12:11  Gateway  
  50  12:16  Gateway  
  50  12:17  Resonating Glaives  
  50  12:19  Gateway  
  50  12:25  Gateway  
  50  12:29  Adept  
  52  12:44  Probe  
  52  12:48  Forge  
  52  12:49  Colossus  
  53  12:52  Probe  
  60  13:02  Probe  
  61  13:08  Robotics Facility  
  61  13:35  Gravitic Drive  
  61  13:40  Observer  
  61  13:46  Protoss Air Armor Level 1  
  61  13:47  Colossus  
  68  14:06  Shield Battery  
  68  14:16  Dark Shrine  
  68  14:22  Extended Thermal Lance  
  68  14:39  Adept  
  68  14:40  Adept  
  68  14:42  Adept  
  68  14:43  Adept  
  68  14:44  Adept  
  68  14:45  Adept  
  80  14:47  Sentry  
  80  14:49  Sentry  
  80  14:50  Sentry  
  86  14:55  Warp Prism  
  86  14:57  Warp Prism  
  90  15:08  Protoss Shields Level 1  
  90  15:10  Probe  
  91  15:18  Probe  
  91  15:27  Probe  
  92  15:31  Warp Prism  
  92  15:33  Warp Prism  
  97  15:40  Probe  
  98  15:52  Probe  
  99  16:32  Warp Prism  
  101  17:09  Protoss Ground Weapons Level 1  
  101  18:10  Nexus  
  101  18:53  Shield Battery  
  101  19:08  Shield Battery  
  101  19:09  Shield Battery  
  101  19:14  Protoss Ground Armor Level 1  
  101  19:27  Pylon  
  101  19:28  Pylon  
  101  19:31  Pylon x2  
  101  19:32  Pylon  
  101  19:33  Pylon  
  101  19:35  Pylon  
  101  19:37  Pylon  
  101  19:48  Nexus, Adept  
  101  19:50  Adept  
  101  19:52  Sentry  
  107  19:53  Sentry  
  107  19:55  Adept  
  107  19:56  Adept  
  107  19:57  Adept  
  107  19:59  Sentry  
  117  20:00  Sentry  
  119  20:13  Shield Battery  
  119  20:15  Shield Battery  
  119  20:19  Shield Battery  
Show
View Real Time Build Order
Export as new Build Order

A.I. 1 (Medium) Terran 

Build Orders: Command Center First 

Get SALT Encoding   

  12  0:01  SCV x12  
    0:13  Unknown  
    0:14  SCV  
  13  0:26  SCV  
  14  0:38  SCV  
  15  1:14  Supply Depot  
  15  1:36  SCV  
  16  1:48  SCV  
  17  1:57  Command Center  
  17  1:59  Supply Depot  
  17  2:00  SCV  
  18  2:02  Barracks  
  18  2:03  Refinery  
  18  2:06  Barracks  
  18  2:18  Refinery  
  18  2:48  Barracks Tech Lab  
  18  2:50  Supply Depot  
  18  2:53  Marine  
  19  3:06  Protoss Ground Weapons Level 3, Protoss Ground Armor Level 3, Protoss Shields Level 3  
  19  3:11  Marine  
  19  3:12  Marine  
  21  3:17  Terran Infantry Weapons Level 3, Terran Vehicle Armor Level 3, Zerg Missile Weapons Level 3, Zerg Flyer Weapons Level 3, Protoss Air Weapons Level 3, Terran Infantry Armor Level 3, Terran Vehicle Weapons Level 3, Protoss Air Armor Level 3, SCV, Zerg Flyer Armor Level 3, Zerg Ground Armor Level 3, Zerg Melee Weapons Level 3, Terran Ship Weapons Level 3, Terran Ship Armor Level 3  
  22  3:22  SCV  
  23  3:28  Marine  
  23  3:29  Protoss Ground Weapons Level 2, Protoss Ground Armor Level 2, Protoss Shields Level 2, SCV  
  23  3:30  Marine  
  26  3:34  SCV  
  26  3:38  Zerg Flyer Weapons Level 2, Terran Infantry Armor Level 2, Terran Infantry Weapons Level 2, Zerg Melee Weapons Level 2, Zerg Flyer Armor Level 2, Terran Ship Armor Level 2, Zerg Ground Armor Level 2, Terran Ship Weapons Level 2, Zerg Missile Weapons Level 2, Terran Vehicle Armor Level 2, Protoss Air Weapons Level 2, Terran Vehicle Weapons Level 2, Protoss Air Armor Level 2  
  27  3:42  Engineering Bay  
  27  3:46  Marine  
  27  3:48  Marine  
  28  3:52  Protoss Shields Level 1, Protoss Ground Weapons Level 1, Protoss Ground Armor Level 1  
  28  3:53  Blink  
  29  4:00  Terran Ship Weapons Level 1, Zerg Melee Weapons Level 1, Terran Ship Armor Level 1, Terran Vehicle Armor Level 1, Zerg Flyer Armor Level 1, Zerg Missile Weapons Level 1, Protoss Air Armor Level 1, Protoss Air Weapons Level 1, Terran Vehicle Weapons Level 1, Zerg Ground Armor Level 1, Terran Infantry Armor Level 1, Zerg Flyer Weapons Level 1, Terran Infantry Weapons Level 1  
  29  4:04  Marine  
  29  4:07  Marauder  
  32  4:14  Weapon Refit, Extended Thermal Lance, Resonating Glaives, Warp Gate, Stimpack, Charge, Neosteel Armor  
  32  4:21  Adrenal Glands, Ventral Sacs  
  32  4:27  Enduring Locusts  
  32  4:28  Personal Cloaking, Marauder  
  34  4:35  Infernal Pre-Igniter, Chitinous Plating, Neosteel Frame, Combat Shield, Psionic Storm, Tunneling Claws, Glial Reconstitution, Cloaking Field, Durable Materials, Metabolic Boost, Corvid Reactor, Neural Parasite  
  34  4:43  Burrow, Centrifugal Hooks, Muscular Augments x2  
  34  4:57  Pathogen Glands, Gravitic Drive, Hi-Sec Auto Tracking, Gravitic Boosters, Caduceus Reactor, Moebius Reactor, Graviton Catapult, Behemoth Reactor  
  34  5:03  Barracks Tech Lab, Refinery  
  34  5:05  Factory  
  34  5:11  Pneumatized Carapace, Concussive Shells  
  34  5:25  SCV  
  34  5:28  SCV  
  35  5:37  SCV  
  36  5:47  Refinery  
  36  5:48  Factory, Factory Tech Lab  
  36  5:50  Missile Turret  
  36  5:54  Unknown x5  
    5:57  SCV x12  
    6:09  Unknown, SCV  
  13  6:27  Engineering Bay  
  13  6:44  Supply Depot  
  13  7:43  Missile Turret  
  13  8:11  SCV  
  14  8:23  SCV  
  14  8:26  Command Center  
  15  8:29  Barracks  
  15  8:35  SCV  
  16  8:47  SCV  
  17  8:59  SCV  
  18  9:11  SCV  
  18  9:14  Refinery  
  18  9:15  Supply Depot  
  19  9:19  Marine  
  19  9:24  SCV  
  21  9:29  Refinery  
  21  9:30  Barracks  
  21  9:36  SCV, Marine  
  23  9:47  SCV  
  23  9:51  SCV  
  25  9:54  Marine  
  25  9:59  SCV  
  27  10:34  Marine  
  28  10:39  Marine  
  29  10:52  Marine  
  30  11:26  Missile Turret  
  30  12:59  Missile Turret  
  30  13:03  Marine  
  31  13:06  Marine  
  32  13:21  Marine  
  32  13:24  Marine  
  34  14:46  Bunker  
  34  15:29  Barracks  
  34  16:03  Engineering Bay  
  34  20:21  SCV  
  34  20:24  SCV  
  33  20:33  SCV  
  34  20:51  Supply Depot  
Tags
 
Add a new tag
Caveats
  • Supply blocks, unpowered buildings, or Contaminate may cause inaccurate times.
  • Supply counts are checked every 10 seconds.